Map: Ephemeron LE

Players

ViBE - Winner!

  • Race: Zerg Zerg
  • League: Master
  • Spawn Location: 5:00

jayhxmo

  • Race: Protoss Protoss
  • League: Master
  • Spawn Location: 11:00

VOD

Have the link to the VOD?

Description

Time

  • Played on: Dec. 26, 2019, 2:31 a.m.
  • Length: 10:39
Show
View Real Time Build Order
Export as new Build Order

ViBE Zerg - Winner!

Build Orders: Hatch First 

Get SALT Encoding   

  12  0:01  Drone  
  13  0:13  Overlord  
  13  0:18  Drone  
  14  0:31  Drone x2  
  16  0:50  Hatchery  
  16  0:53  Drone  
  16  0:56  Drone  
  17  1:00  Drone  
  18  1:15  Spawning Pool  
  18  1:17  Drone  
  18  1:20  Extractor  
  18  1:24  Drone  
  18  1:29  Drone  
  20  1:40  Drone  
  20  1:55  Overlord  
  20  2:02  Drone  
  20  2:03  Drone, Queen x2  
  26  2:15  Drone  
  26  2:16  Drone  
  28  2:27  Metabolic Boost  
  28  2:32  Hatchery  
  28  2:35  Drone  
  28  2:37  Drone  
  28  2:40  Drone  
  30  2:44  Drone  
  30  2:48  Queen  
  33  2:54  Overlord  
  33  2:56  Zergling x2  
  34  3:03  Overlord  
  34  3:08  Drone x2  
  36  3:14  Overlord  
  36  3:22  Drone  
  36  3:23  Drone x6  
  43  3:32  Queen  
  43  3:34  Overlord  
  45  3:42  Drone  
  45  3:53  Roach Warren  
  45  3:55  Drone x10  
  54  4:04  Overlord  
  54  4:05  Extractor  
  53  4:17  Overlord x2  
  53  4:18  Overlord  
  53  4:22  Zergling x16  
  61  4:36  Roach  
  61  4:37  Roach x2  
  64  4:53  Roach x2  
  64  4:54  Zergling x2  
  64  4:55  Zergling x10  
  74  5:01  Overlord  
  74  5:02  Drone, Overlord  
  74  5:03  Drone x2  
  76  5:18  Zergling x10  
  81  5:25  Zergling x14  
  88  5:31  Overlord x2  
  88  5:35  Zergling x8  
  89  5:36  Zergling x2  
  89  5:37  Ravager  
  89  5:38  Ravager x3  
  97  5:46  Zergling x4  
  98  5:52  Hatchery  
  98  5:54  Ravager  
  98  5:59  Lair  
  98  6:00  Zergling x24  
  110  6:15  Zergling x2  
  110  6:16  Zergling x8  
  114  6:37  Drone x11  
  125  6:40  Drone  
  126  6:50  Drone x3  
  126  6:54  Hatchery  
  127  6:57  Baneling Nest  
  127  6:59  Extractor, Hydralisk Den  
  127  7:01  Drone  
  125  7:03  Extractor  
  125  7:06  Drone x3, Extractor x2  
  125  7:09  Overlord x2  
  125  7:10  Overlord  
  125  7:11  Drone x2  
  125  7:12  Drone  
  125  7:13  Drone x3  
  125  7:14  Drone  
  132  7:21  Spore Crawler x2  
  132  7:22  Spore Crawler  
  127  7:26  Drone x6  
  133  7:31  Grooved Spines  
  133  7:33  Drone  
  133  7:34  Drone  
  121  7:51  Drone, Zergling x2  
  109  7:52  Drone x10  
  113  8:05  Drone x4  
  102  8:06  Spore Crawler  
  102  8:08  Extractor  
  102  8:09  Extractor  
  83  8:19  Centrifical Hooks  
  83  8:24  Drone x3  
  83  8:25  Drone x2  
  83  8:26  Hydralisk, Queen  
  83  8:27  Hydralisk x3  
  90  8:33  Drone  
  90  8:34  Drone  
  100  8:35  Hydralisk x7  
  111  8:43  Drone x3, Muscular Augments  
  111  8:45  Drone  
  114  8:56  Drone, Overlord  
  114  8:57  Overlord x2  
  114  9:01  Hatchery  
  114  9:03  Hydralisk x2  
  114  9:04  Hydralisk x4  
  114  9:09  Infestation Pit  
  125  9:12  Overlord x4  
  125  9:20  Overlord x3  
  125  9:37  Hydralisk  
  125  9:38  Hydralisk x8  
  135  9:39  Zergling x10  
  148  9:49  Zergling x2  
  148  9:50  Zergling x2  
  148  9:51  Zergling x12  
  148  9:52  Baneling x4  
  156  9:53  Baneling x8  
  144  10:12  Zergling x18  
  144  10:13  Zergling x8  
Show
View Real Time Build Order
Export as new Build Order

jayhxmo Protoss 

Build Orders: 1 Gate Expand, Phoenix Opening 

Get SALT Encoding   

  12  0:01  Probe  
  13  0:13  Probe  
  14  0:19  Pylon  
  14  0:25  Probe  
  15  0:34  Assimilator  
  15  0:37  Probe (Chrono Boost)  
  16  0:45  Gateway  
  16  0:49  Probe (Chrono Boost)  
  17  0:54  Probe (Chrono Boost)  
  18  1:04  Probe  
  19  1:16  Probe  
  20  1:26  Nexus  
  20  1:36  Cybernetics Core  
  20  1:44  Probe  
  20  1:46  Assimilator  
  21  1:54  Pylon  
  21  1:57  Probe  
  22  2:09  Probe  
  22  2:11  Sentry (Chrono Boost)  
  22  2:13  Warp Gate  
  25  2:21  Probe  
  26  2:24  Robotics Facility  
  26  2:29  Stalker (Chrono Boost)  
  26  2:33  Probe  
  29  2:38  Phoenix, Probe  
  30  2:45  Probe  
  30  2:50  Probe  
  32  2:51  Sentry  
  32  2:57  Probe  
  35  3:02  Probe  
  36  3:09  Probe  
  37  3:14  Warp Prism  
  37  3:15  Probe  
  37  3:19  Gateway  
  40  3:23  Gateway  
  40  3:24  Probe  
  41  3:32  Probe  
  42  3:36  Probe  
  42  3:38  Pylon  
  43  3:49  Pylon  
  43  3:53  Immortal (Chrono Boost)  
  43  3:59  Probe  
  43  4:01  Probe  
  43  4:02  Assimilator  
  49  4:11  Probe  
  49  4:15  Adept x2  
  54  4:18  Stalker  
  54  4:20  Probe  
  54  4:23  Probe  
  58  4:28  Immortal  
  58  4:31  Stargate  
  62  4:45  Probe  
  61  4:47  Probe  
  61  4:50  Stargate  
  61  4:52  Assimilator  
  60  4:57  Probe  
  60  4:59  Probe  
  62  5:02  Pylon  
  62  5:04  Pylon  
  62  5:20  Probe  
  63  5:23  Zealot x3  
  63  5:26  Phoenix (Chrono Boost)  
  71  5:35  Pylon  
  71  5:38  Nexus  
  71  5:46  Zealot x3  
  77  5:51  Probe  
  77  5:53  Probe  
  77  5:54  Phoenix x2 (Chrono Boost)  
  83  5:58  Pylon x2  
  83  6:07  Zealot  
  85  6:16  Phoenix x2 (Chrono Boost), Pylon  
  89  6:19  Sentry x2  
  91  6:38  Phoenix x2 (Chrono Boost), Zealot  
  91  6:39  Immortal  
  87  6:48  Gateway  
  87  6:50  Gateway  
  84  6:59  Oracle  
  87  7:05  Twilight Council  
  87  7:10  Pylon, Zealot x3  
  87  7:12  Gateway  
  87  7:15  Pylon  
  93  7:19  Immortal  
  97  7:25  Oracle  
  100  7:39  Zealot x3  
  102  7:48  Zealot x2  
  78  8:01  Zealot x3  
  79  8:08  Zealot x3, Charge (Chrono Boost)  
  79  8:10  Immortal (Chrono Boost)  
  89  8:30  Nexus  
  89  8:33  Pylon  
  89  8:39  Immortal (Chrono Boost)  
  93  8:51  Sentry  
  93  8:52  Sentry x5  
  105  9:04  Pylon  
  105  9:07  Immortal (Chrono Boost)  
  109  9:17  Sentry x2, Zealot x4  
  111  9:21  Pylon  
  121  9:32  Pylon  
  121  9:38  Zealot  
  123  9:53  Zealot x5  
  95  10:17  Zealot x6  
Tags
 
Add a new tag
Caveats
  • Supply blocks, unpowered buildings, or Contaminate may cause inaccurate times.
  • Supply counts are checked every 10 seconds.